 Dungeon Crawl Stone Soup version 0.31-a0-1-g4198be8af4 (webtiles) character file.

Game seed: 13730813544525220192

1650 Mickster the Cleaver (level 9, -10/112 HPs)
             Began as a Hill Orc Berserker on May 2, 2023.
             Was a Believer of Trog.
             Mangled by LobsterGuardian's ghost (19 damage)
             ... on level 7 of the Dungeon.
             The game lasted 00:43:57 (3639 turns).

Mickster the Cleaver (Hill Orc Berserker)           Turns: 3639, Time: 00:44:00

Health: -10/112    AC: 17    Str: 22    XL:     9   Next: 0%
Magic:  9/9        EV:  9    Int:  5    God:    Trog [**....]
Gold:   19         SH:  0    Dex: 16    Spells: 8/8 levels left

rFire   + + .        f - +10 broad axe of Tievog {elec, rPois rF++ Int-4}
rCold   . . .        (no shield)
rNeg    . . .        l - +0 chain mail
rPois   +            c - +1 helmet
rElec   .            v - +2 cloak
rCorr   .            (no gloves)
SInv    .            s - +1 pair of boots
Will    ++...        (no amulet) Stlth
                     e - +6 ring of dexterity
HPRegen 1.38/turn    (no ring)
MPRegen 0.11/turn

%: no passive effects
@: berserking, strong-willed, regenerating, very quick
A: no striking features
a: Renounce Religion, Berserk, Trog's Hand


You were on level 7 of the Dungeon.
You worshipped Trog.
Trog was pleased with you.
You visited 1 branch of the dungeon, and saw 6 of its levels.

You collected 200 gold pieces.
You spent 181 gold pieces at shops.

Inventory:

Hand Weapons
 a - a +0 hand axe
 f - the +10 broad axe of Tievog (weapon) {elec, rPois rF++ Int-4}
   (You acquired it on level 2 of the Dungeon)

   Int:       It affects your intelligence (-4).
   rF:        It greatly protects you from fire.
   rPois:     It protects you from poison.
 i - a +0 dagger of protection
 p - a +2 dagger of venom
 r - a +0 dagger of electrocution
 y - a +0 whip of freezing
Missiles
 b - 8 poisoned darts
 d - 30 stones
 k - a throwing net (quivered)
 z - a curare-tipped dart
Armour
 c - a +1 helmet (worn)
 j - a scarf of shadows
 l - a +0 chain mail (worn)
 s - a +1 pair of boots (worn)
 v - a +2 cloak (worn)
Jewellery
 e - a +6 ring of dexterity (left hand)
Wands
 m - a wand of iceblast (17)
Scrolls
 g - a scroll of teleportation
 h - 3 scrolls of identify
 n - 2 scrolls of fear
 u - a scroll of immolation
Potions
 o - 2 potions of haste
 q - a potion of lignification
 t - a potion of resistance
 w - 2 potions of cancellation {unknown}
 x - 2 potions of degeneration {unknown}


   Skills:
 + Level 6.2 Fighting
 * Level 11.7 Axes
 * Level 3.0 Throwing
 + Level 4.2 Armour
 + Level 2.4 Dodging
 + Level 0.8 Stealth


You had 8 spell levels left.
You didn't know any spells.
Your spell library was empty.

Dungeon Overview and Level Annotations

Branches:
Dungeon (5/15)
 Temple: D:4-7

Altars:
Ashenzari
Elyvilon
Fedhas
Gozag
Ru
Zin
The Shining One

Shops:
D:4 *   D:5 **

Annotations:
D:7 LobsterGuardian's ghost, novice SpVM


Message History

The skeletal warrior hits you from afar with a +0 halberd.
LobsterGuardian's ghost points at you and mumbles some strange words.
The ball explodes into a vile cloud!
The stinking cloud engulfs the howler monkey but does no damage.
The stinking cloud engulfs LobsterGuardian's ghost but does no damage.
The stinking cloud engulfs the skeletal warrior but does no damage.
The stinking cloud engulfs you but does no damage.
The stinking cloud engulfs the ice beast but does no damage.
Your skin crawls.
You feel strong-willed.
The howler monkey is engulfed in noxious fumes.
The howler monkey appears confused.
The ice beast hits you. The ice beast freezes you!
The wyvern is engulfed in noxious fumes.
The wyvern appears confused.
The skeletal warrior barely misses you.
The howler monkey barely misses the wyvern.
The howler monkey hits itself.
The wyvern is engulfed in noxious fumes.
The wyvern appears confused.
The ice beast closely misses you.
The skeletal warrior hits you from afar with a +0 halberd!
The wyvern is engulfed in noxious fumes.
LobsterGuardian's ghost attacks as you move away!
LobsterGuardian's ghost misses you. The ice beast hits you.
The ice beast freezes you.
The skeletal warrior hits you from afar with a +0 halberd!!
* * * LOW HITPOINT WARNING * * *
A red film seems to cover your vision as you go berserk!
You feel yourself moving faster!
You feel mighty! The ice beast barely misses you.
The skeletal warrior hits you from afar with a +0 halberd!!
* * * LOW HITPOINT WARNING * * *
LobsterGuardian's ghost hits you but does no damage.
You completely miss the ice beast.
You barely miss LobsterGuardian's ghost.
The wyvern bites the ice beast!
The ice beast hits you but does no damage.
The skeletal warrior hits you but does no damage.
LobsterGuardian's ghost hits you but does no damage.
You are electrocuted!!
You die...

#...... ####.. .# #......##....#
.# .<........#.## .#
#.#####...#..# .# #.# #...##.. .#
#.# ##..#### .#
##########.######..#### .#
##.8∩##..#.............. )#
#..$!(#@...########.####
.#########8.$$$WY..## #.#
...<.....#∩$8_$zl..# #.#
##.#######8$$..'.h## ###.### #.#
#∩$$$.#..# #.....# ##.##
####.8.##..# ######.....##
#...####..###########....†.......
#.......†...# #......####.....##
....####...#####.###### #.....#


You could see a skeletal warrior, a wyvern (confused), an ice beast, a howler
monkey (confused) and LobsterGuardian's ghost.

Vanquished Creatures
  Grinder (D:3)
  Sigmund (D:4)
  A steam dragon (D:7)
  An ice beast (D:4)
  3 black bears
  An ogre (D:5)
  A phantom (D:7)
  A gnoll sergeant (D:7)
  A kobold brigand (D:7)
  A bullfrog (D:7)
  A jelly (D:5)
  2 orc priests (D:4)
  6 hounds
  Ijyb (D:4)
  2 iguanas
  Robin (D:4)
  3 gnolls (D:7)
  An adder (D:2)
  A white imp (D:7)
  A worm (D:2)
  A dart slug (D:3)
  3 orcs
  6 ball pythons
  4 bats
  An endoplasm (D:3)
  5 giant cockroaches
  5 goblins
  6 hobgoblins
  3 jackals (D:5)
  2 quokkas
  2 frilled lizards (D:2)
  9 kobolds
  5 rats
  3 bushes (D:4)
86 creatures vanquished.

Notes
Turn   | Place    | Note
-------+----------+-------------------------------------------
     0 | D:1      | Mickster the Hill Orc Berserker began the quest for the
                  | Orb.
     0 | D:1      | Reached XP level 1. HP: 19/19 MP: 1/1
   250 | D:2      | Found a glowing golden altar of the Shining One.
   260 | D:2      | Reached XP level 2. HP: 26/27 MP: 2/2
   295 | D:2      | Found a faded altar of an unknown god.
   487 | D:2      | Identified a scroll of acquirement
   487 | D:2      | Acquired the +10 broad axe of Tievog {elec, rPois rF++
                  | Int-4}
   497 | D:2      | Reached XP level 3. HP: 33/33 MP: 3/3
  1185 | D:3      | Found a sacrificial altar of Ru.
  1310 | D:3      | Noticed Grinder
  1314 | D:3      | Killed Grinder
  1315 | D:3      | Reached skill level 6 in Axes
  1315 | D:3      | Reached XP level 4. HP: 41/41 MP: 4/4
  1315 | D:3      | Reached XP level 5. HP: 47/47 MP: 5/5
  1315 | D:3      | Reached XP level 6. HP: 55/55 MP: 6/6
  1592 | D:3      | Reached ** piety under Trog
  1593 | D:3      | Reached skill level 7 in Axes
  1800 | D:4      | Noticed Sigmund
  1809 | D:4      | Killed Sigmund
  1810 | D:4      | Reached skill level 5 in Fighting
  1900 | D:4      | Reached XP level 7. HP: 47/61 MP: 7/7
  1902 | D:4      | Reached skill level 8 in Axes
  1902 | D:4      | Reached skill level 1 in Throwing
  1903 | D:4      | Noticed Robin
  1908 | D:4      | Killed Robin
  1951 | D:4      | Noticed Ijyb
  1965 | D:4      | Killed Ijyb
  2302 | D:4      | Found a broken altar of Ashenzari.
  2324 | D:4      | Found Bun Bep's Assorted Antiques.
  2324 | D:4      | Found a blossoming altar of Fedhas.
  2377 | D:4      | Found a white marble altar of Elyvilon.
  2907 | D:5      | Entered Level 5 of the Dungeon
  2912 | D:5      | Reached skill level 9 in Axes
  2912 | D:5      | Reached XP level 8. HP: 68/68 MP: 8/8
  2982 | D:5      | Reached skill level 10 in Axes
  3035 | D:5      | Found Pasog's General Store.
  3044 | D:5      | Bought a +2 cloak for 181 gold pieces
  3101 | D:5      | Found Zin's Purification Station.
  3107 | D:5      | Found a glowing silver altar of Zin.
  3221 | D:5      | You fall into a shaft and drop 2 floors!
  3260 | D:7      | Reached skill level 11 in Axes
  3452 | D:7      | Reached XP level 9. HP: 75/75 MP: 9/9
  3612 | D:7      | Found a runed translucent gate.
  3612 | D:7      | Found a runed translucent gate.
  3613 | D:7      | Found a runed translucent gate.
  3614 | D:7      | Found an opulent altar of Gozag.
  3617 | D:7      | Noticed a skeletal warrior
  3617 | D:7      | Noticed LobsterGuardian's ghost (novice SpVM)
  3639 | D:7      | Mangled by LobsterGuardian's ghost

Illustrated notes

Levels and vault maps discovered:
D:1:      onia_arrival_pyramid, layout_loops_corners, grunt_decor_junction
D:2:      layout_basic, basic_altar, ebering_ecumenical_altar_rust
D:3:      layout_loops_ring, lemuel_tele_altar, nicolae_figureground_sparkle,
          uniq_grinder
D:4:      layout_cave_pods, fedhas_altar_2, nicolae_elyvilon_peaceful_grove,
          old_standard_altar, serial_shops, shop, nicolae_goblin_pals,
          uniq_sigmund
D:5:      black_bear_nest_2, layout_basic, zin_purify,
          minmay_temple_entry_butterflies, serial_shops, shop
D:7:      layout_loops_ring, palyth_temple_overflow_mages, ebering_ghost_gozag

Skill      XL: |  1  2  3  4  5  6  7  8 |
---------------+-------------------------+-----
Fighting       | 4 5 6 |  6.2
Axes           | 6 7 9 11 | 11.7
Dodging        | 2 |  2.4
Armour         | 3 4 |  4.2
Throwing       | 2 3 |  3.0
Stealth        | |  0.8

Action                     |  1- 3 |  4- 6 |  7- 9 || total
---------------------------+-------+-------+-------++-------
  Melee: Hand axe          |    28 |       |       ||    28
         Broad axe         |    20 |    21 |   114 ||   155
         Punch             |       |     1 |     3 ||     4
 Invoke: Berserk           |     1 |     1 |     5 ||     7
         Trog's Hand       |       |     1 |     2 ||     3
    Use: Scroll            |     5 |       |     5 ||    10
         Potion            |     3 |       |     2 ||     5
 Armour: Animal skin       |    23 |       |       ||    23
         Chain mail        |    12 |    14 |    46 ||    72
  Dodge: Dodged            |    44 |    15 |    40 ||    99

Table legend: (Time is in decaauts)
 A = Elapsed time spent in this place.
 B = Non-inter-level travel time spent in this place.
 C = Inter-level travel time spent in this place.
 D = Time resting spent in this place.
 E = Time spent auto-exploring this place.
 F = Levels seen in this place.
 G = Mean time per level.
                   A        B        C        D        E       F      G
               +--------+--------+--------+--------+--------+-----+--------+
         Total |   3697 |   3493 |    204 |    479 |      0 |   6 |  616.2 |
       Dungeon |   3697 |   3493 |    204 |    479 |      0 |   6 |  616.2 |
               +--------+--------+--------+--------+--------+-----+--------+

Top non-repeatable levels by time:
     D:4: 1152 daAuts
     D:3: 836 daAuts
     D:2: 755 daAuts
     D:7: 435 daAuts
     D:5: 323 daAuts
     D:1: 193 daAuts
